Map: Deathaura LE

Players

Cheater 1 (Resources)

  • Race: Protoss Protoss
  • Spawn Location: 5:00

cheetoss - Winner!

  • Race: Zerg Zerg
  • Spawn Location: 11:00

VOD

Have the link to the VOD?

Description

Time

  • Played on: Nov. 22, 2020, 9:01 a.m.
  • Length: 10:06
Show
View Real Time Build Order
Export as new Build Order

Cheater 1 (Resources) Protoss 

Build Orders: 1 Gate Expand 

Get SALT Encoding   

  12  0:00  Probe  
  13  0:13  Probe  
  14  0:20  Pylon  
  14  0:25  Probe  
  15  0:34  Probe  
  15  0:42  Probe  
  17  0:50  Gateway  
  17  0:52  Probe  
  18  1:00  Probe  
  19  1:18  Probe  
  19  1:23  Pylon  
  20  1:31  Probe  
  21  1:33  Assimilator  
  21  1:34  Nexus  
  21  1:38  Zealot  
  23  1:48  Cybernetics Core  
  23  1:49  Probe  
  24  1:59  Probe  
  25  2:07  Probe  
  25  2:15  Probe, Warp Gate  
  26  2:20  Pylon  
  27  2:27  Probe  
  28  2:33  Gateway  
  28  2:35  Assimilator  
  28  2:36  Stalker  
  30  2:37  Probe  
  31  2:45  Probe x2  
  31  3:06  Adept  
  31  3:09  Pylon  
  31  3:10  Probe  
  34  3:18  Probe  
  34  3:19  Zealot  
  37  3:25  Probe  
  38  3:34  Robotics Facility  
  38  3:36  Adept  
  38  3:38  Probe  
  38  3:39  Probe  
  42  3:46  Stalker  
  42  3:47  Probe  
  44  3:50  Probe  
  42  4:04  Probe  
  42  4:06  Probe  
  38  4:12  Probe  
  38  4:13  Zealot  
  39  4:18  Probe  
  36  4:24  Adept  
  36  4:33  Stalker  
  40  4:45  Pylon  
  40  4:58  Pylon  
  36  5:17  Probe  
  34  5:23  Probe  
  34  5:25  Unknown  
  35  5:28  Pylon  
  35  5:30  Unknown  
  29  6:16  Pylon  
  29  6:21  Pylon  
  26  6:40  Probe  
  26  6:42  Gateway  
  26  6:43  Gateway  
  26  6:45  Pylon  
  27  6:59  Probe  
  27  7:07  Probe  
  27  7:10  Forge  
  28  7:17  Probe  
  29  7:29  Probe  
  29  7:30  Pylon  
  29  7:32  Protoss Ground Armor Level 1  
  29  7:35  Zealot  
  31  7:41  Probe  
  32  7:48  Zealot  
  32  7:50  Cybernetics Core  
  33  7:54  Probe  
  33  7:56  Zealot  
  34  8:06  Probe, Zealot  
  34  8:14  Forge  
  34  8:16  Zealot, Gateway  
  34  8:18  Probe  
  35  8:20  Zealot, Pylon  
  35  8:30  Probe  
  35  8:32  Twilight Council  
  36  8:36  Zealot, Robotics Facility  
  36  8:39  Adept  
  36  8:42  Probe  
  36  8:44  Pylon  
  37  8:54  Probe  
  34  8:56  Zealot  
  34  8:59  Zealot  
  38  9:06  Probe  
  37  9:10  Zealot  
  37  9:12  Pylon  
  37  9:16  Adept  
  41  9:18  Probe  
  41  9:19  Zealot  
  38  9:30  Probe  
  39  9:34  Templar Archives, Pylon  
  39  9:36  Zealot  
  39  9:39  Adept, Zealot  
  39  9:40  Photon Cannon  
  39  9:43  Pylon  
  32  10:01  Zealot  
  32  10:03  Cybernetics Core  
Show
View Real Time Build Order
Export as new Build Order

cheetoss Zerg - Winner!

Build Orders: Hatch First 

Get SALT Encoding   

  12  0:01  Drone  
  13  0:08  Drone  
  14  0:41  Hatchery  
  13  0:43  Overlord  
  13  0:47  Drone  
  14  1:05  Spawning Pool  
  14  1:09  Drone  
  14  1:12  Drone  
  14  1:17  Drone  
  16  1:20  Drone  
  17  1:31  Drone  
  18  1:43  Drone  
  19  1:53  Queen  
  21  1:59  Extractor, Drone, Roach Warren  
  20  2:04  Drone  
  20  2:07  Extractor  
  20  2:15  Zergling x6  
  23  2:16  Overlord  
  23  2:26  Queen  
  25  2:30  Drone  
  25  2:35  Zergling x2  
  27  2:41  Drone  
  30  2:44  Roach  
  30  3:00  Roach x2  
  30  3:04  Drone  
  30  3:05  Drone  
  36  3:11  Metabolic Boost  
  36  3:21  Evolution Chamber  
  36  3:22  Drone  
  36  3:31  Overlord  
  36  3:36  Overlord  
  36  3:52  Zerg Missile Weapons Level 1  
  35  4:03  Roach x3  
  39  4:13  Roach x2  
  39  4:14  Roach  
  44  4:21  Lair  
  44  4:34  Roach  
  46  4:55  Roach x2  
  50  5:01  Queen  
  50  5:02  Overlord  
  50  5:04  Overlord x2  
  52  5:25  Roach x2  
  56  5:30  Roach x3  
  62  5:37  Glial Reconstitution  
  62  5:44  Evolution Chamber  
  62  5:49  Drone x2  
  63  5:56  Roach  
  65  5:58  Drone  
  66  6:05  Drone  
  66  6:10  Zerg Missile Weapons Level 2  
  67  6:13  Drone  
  68  6:18  Drone  
  69  6:28  Zerg Ground Armor Level 1  
  69  6:30  Drone x2  
  71  6:42  Ravager x2  
  71  6:44  Ravager  
  75  6:47  Drone x2  
  75  6:48  Overlord  
  76  7:05  Extractor  
  76  7:06  Drone  
  76  7:10  Roach x2  
  76  7:11  Extractor  
  76  7:14  Drone  
  80  7:19  Roach x2  
  80  7:20  Overlord x3  
  84  7:39  Roach x2  
  84  7:43  Hatchery  
  87  7:55  Hydralisk Den  
  86  8:00  Drone x5  
  91  8:10  Roach  
  93  8:19  Overseer  
  93  8:21  Overseer  
  93  8:25  Hydralisk x4  
  101  8:30  Overlord  
  101  8:46  Hydralisk x3  
  107  8:55  Hydralisk  
  107  8:56  Hydralisk  
  111  9:03  Drone  
  111  9:04  Drone  
  113  9:25  Drone x3  
  113  9:26  Infestation Pit  
  113  9:29  Hydralisk x3  
  121  9:32  Drone  
  121  9:38  Overlord  
Tags
 
Add a new tag
Caveats
  • Supply blocks, unpowered buildings, or Contaminate may cause inaccurate times.
  • Supply counts are checked every 10 seconds.